Map: White Rabbit LE

Players

Mythshaker

  • Race: Protoss Protoss
  • Spawn Location: 7:00

YAGUI - Winner!

  • Race: Terran Terran
  • League: Silver
  • Spawn Location: 1:00

VOD

Have the link to the VOD?

Description

Time

  • Played on: Nov. 24, 2025, 1:45 a.m.
  • Length: 41:04
Show
View Real Time Build Order
Export as new Build Order

Mythshaker Protoss 

Build Orders: Double Forge 

Get SALT Encoding   

  12  0:11  Pylon  
  12  0:12  Probe  
  12  0:20  Probe  
  14  0:30  Probe  
  15  0:40  Gateway  
  15  0:42  Probe  
  16  0:51  Assimilator  
  16  0:54  Probe  
  17  1:05  Probe  
  18  1:13  Probe  
  19  1:21  Probe  
  20  1:29  Cybernetics Core  
  20  1:32  Probe  
  20  1:38  Forge  
  21  1:45  Probe  
  22  1:57  Nexus  
  22  2:04  Pylon  
  22  2:16  Probe  
  22  2:19  Stalker  
  25  2:29  Probe  
  26  2:32  Assimilator  
  26  2:38  Probe  
  27  2:46  Probe  
  27  2:49  Stalker  
  28  2:54  Protoss Ground Armor Level 1  
  28  2:55  Probe  
  31  3:06  Gateway  
  31  3:09  Gateway  
  31  3:12  Forge  
  31  3:25  Probe  
  31  3:32  Probe, Assimilator  
  31  3:34  Probe  
  34  3:43  Probe  
  34  3:44  Probe  
  34  3:45  Stalker  
  38  3:55  Probe  
  39  4:00  Shield Battery  
  39  4:05  Pylon  
  39  4:06  Probe  
  40  4:14  Probe  
  40  4:15  Pylon  
  40  4:22  Probe  
  41  4:29  Assimilator, Protoss Shields Level 1  
  42  4:34  Probe, Stalker  
  42  4:36  Stalker  
  45  4:38  Stalker  
  49  4:46  Probe  
  50  4:55  Probe, Protoss Ground Weapons Level 1  
  50  4:58  Probe  
  52  5:07  Pylon  
  52  5:14  Stalker  
  52  5:16  Stalker  
  52  5:18  Twilight Council  
  52  5:19  Stalker  
  58  5:35  Robotics Facility  
  58  5:42  Nexus  
  58  5:44  Probe  
  59  5:51  Stalker x2, Pylon  
  59  5:52  Stalker  
  59  5:56  Probe  
  66  6:00  Pylon  
  66  6:03  Pylon, Blink  
  66  6:06  Shield Battery  
  66  6:08  Probe  
  66  6:11  Protoss Ground Armor Level 2  
  67  6:17  Probe  
  68  6:18  Stalker  
  68  6:20  Probe  
  71  6:29  Probe  
  72  6:33  Probe  
  73  6:41  Probe  
  74  6:53  Probe  
  75  6:55  Shield Battery  
  75  7:05  Probe  
  76  7:12  Shield Battery  
  76  7:16  Photon Cannon  
  76  7:21  Photon Cannon  
  76  7:28  Robotics Bay  
  76  7:38  Robotics Facility  
  76  7:41  Warp Gate  
  76  7:44  Photon Cannon  
  76  7:47  Pylon  
  76  7:48  Protoss Shields Level 2  
  76  8:02  Charge  
  76  8:23  Stalker x3  
  82  8:27  Probe  
  83  8:35  Probe, Protoss Ground Weapons Level 2, Assimilator  
  83  8:39  Probe  
  83  8:41  Assimilator  
  84  8:45  Probe  
  84  8:47  Probe  
  87  8:56  Probe  
  87  8:57  Probe  
  89  9:08  Probe  
  89  9:09  Probe  
  91  9:15  Extended Thermal Lance  
  91  9:20  Probe  
  92  9:29  Colossus  
  98  9:36  Colossus  
  104  9:42  Stalker  
  104  9:43  Stalker  
  104  9:45  Stalker  
  110  9:59  Pylon  
  110  10:03  Pylon  
  110  10:08  Pylon  
  110  10:13  Pylon  
  110  10:21  Stargate  
  110  10:22  Colossus  
  110  10:23  Stargate  
  116  10:29  Stargate, Colossus  
  116  10:34  Stargate  
  122  10:42  Shield Battery  
  122  10:45  Shield Battery  
  122  10:49  Shield Battery  
  122  10:52  Photon Cannon  
  122  10:57  Photon Cannon  
  122  11:00  Photon Cannon  
  122  11:04  Photon Cannon  
  122  11:06  Stalker x2  
  122  11:07  Stalker  
  128  11:16  Colossus  
  134  11:23  Colossus  
  148  11:35  Void Ray x2  
  148  11:39  Pylon  
  148  11:43  Pylon  
  148  11:49  Photon Cannon  
  148  11:57  Pylon  
  156  12:01  Photon Cannon  
  156  12:03  Void Ray x2  
  156  12:06  Fleet Beacon  
  156  12:12  Photon Cannon  
  156  12:15  Shield Battery  
  156  12:27  Colossus  
  156  12:29  Void Ray  
  170  12:30  Void Ray  
  170  12:35  Pylon  
  170  12:38  Pylon  
  170  12:42  Pylon  
  170  12:46  Pylon  
  170  12:52  Pylon  
  170  12:53  Colossus  
  170  12:57  Pylon  
  176  13:00  Photon Cannon  
  176  13:06  Photon Cannon  
  176  13:08  Shield Battery  
  176  13:11  Shield Battery  
  176  13:12  Protoss Shields Level 3  
  176  13:16  Photon Cannon  
  176  13:20  Photon Cannon, Colossus  
  176  13:23  Photon Cannon  
  182  13:29  Photon Cannon  
  182  13:34  Shield Battery  
  198  13:45  Flux Vanes, Void Ray x4  
  176  14:15  Probe  
  176  14:23  Probe  
  178  14:32  Probe  
  179  14:45  Probe  
  196  14:53  Void Ray  
  196  14:54  Void Ray x3  
  196  14:57  Probe  
  177  15:36  Void Ray  
  177  15:37  Void Ray x2  
  177  15:38  Stalker  
  177  15:39  Stalker x2  
  183  16:11  Probe  
  183  16:14  Pylon  
  183  16:15  Pylon  
  184  16:19  Probe  
  185  16:27  Probe  
  160  17:14  Shield Battery  
  160  17:16  Photon Cannon  
  160  17:17  Shield Battery  
  160  17:22  Nexus  
  160  17:33  Stalker  
  160  17:34  Stalker x2  
  166  17:44  Void Ray x4  
  198  18:43  Void Ray x4  
  126  19:49  Colossus  
  130  19:59  Probe  
  128  20:00  Assimilator  
  128  20:03  Assimilator  
  111  20:07  Probe  
  108  20:17  Probe  
  81  20:29  Probe  
  58  20:41  Probe  
  49  20:46  Protoss Ground Armor Level 3  
  35  21:21  Nexus  
  35  21:33  Tempest  
  39  21:52  Probe  
  39  22:00  Probe  
  41  22:10  Probe  
  42  22:16  Pylon  
  42  22:17  Photon Cannon  
  42  22:22  Probe  
  43  22:31  Probe, Pylon  
  44  22:39  Probe  
  44  22:42  Protoss Ground Weapons Level 3  
  45  22:48  Probe  
  46  23:01  Stalker, Unknown  
  46  23:05  Stalker  
  50  23:23  Nexus  
  50  23:38  Shield Battery  
  50  23:41  Shield Battery  
  50  23:44  Pylon  
  50  23:50  Assimilator  
  50  23:52  Probe  
  51  24:04  Probe  
  49  24:16  Probe  
  47  24:28  Probe  
  46  24:40  Probe  
  46  24:43  Photon Cannon  
  46  24:44  Probe  
  47  24:56  Probe  
  47  25:09  Probe  
  47  25:14  Photon Cannon  
  47  25:21  Probe  
  47  25:45  Probe  
  48  25:53  Probe  
  48  26:00  Photon Cannon  
  48  26:02  Photon Cannon  
  48  26:03  Probe  
  49  26:08  Shield Battery  
  50  26:11  Pylon  
  50  26:15  Probe  
  51  26:20  Pylon  
  51  26:27  Probe  
  52  26:35  Stalker x2  
  52  26:36  Stalker  
  58  26:43  Colossus x2  
  70  26:47  Probe  
  71  26:55  Probe  
  72  27:05  Probe  
  73  27:16  Pylon  
  73  27:17  Probe  
  73  27:18  Pylon  
  73  27:22  Stalker x2  
  78  27:24  Stalker  
  78  27:29  Probe  
  72  27:37  Colossus  
  78  27:57  Colossus  
  84  28:01  Tempest  
  68  28:31  Photon Cannon  
  68  28:35  Photon Cannon  
  68  28:39  Photon Cannon  
  68  28:41  Photon Cannon  
  68  28:44  Photon Cannon  
  67  29:16  Photon Cannon  
  67  29:19  Photon Cannon  
  67  29:21  Photon Cannon  
  67  29:50  Protoss Air Armor Level 1  
  21  31:10  Zealot  
  23  31:13  Nexus  
  22  31:30  Pylon  
  22  31:37  Zealot  
  22  33:05  Nexus  
  22  33:35  Pylon  
  4  38:00  Pylon  
Show
View Real Time Build Order
Export as new Build Order

YAGUI Terran - Winner!

Build Orders:  

Get SALT Encoding   

  12  0:00  SCV  
  13  0:12  SCV  
  14  0:25  SCV  
  15  0:36  Supply Depot  
  15  0:58  SCV  
  15  1:03  Refinery  
  16  1:08  Refinery  
  16  1:10  SCV  
  17  1:14  Barracks  
  17  1:20  Supply Depot  
  17  1:22  SCV  
  18  1:34  SCV  
  19  1:46  SCV  
  20  2:03  Barracks Tech Lab  
  20  2:04  Command Center  
  20  2:05  Barracks  
  20  2:06  SCV  
  21  2:18  SCV  
  21  2:22  Marauder  
  24  2:41  SCV  
  25  2:53  SCV  
  25  2:55  Barracks Reactor  
  25  2:58  Factory  
  26  3:05  SCV  
  27  3:09  Combat Shield  
  27  3:17  SCV  
  28  3:25  Refinery  
  28  3:33  Orbital Command  
  28  3:42  Marine, Marauder  
  28  3:43  Marine  
  28  3:45  Engineering Bay, Factory Tech Lab  
  32  3:56  SCV  
  32  4:00  Marine x2  
  35  4:03  Marine  
  35  4:08  SCV  
  37  4:10  Siege Tank  
  37  4:11  Supply Depot  
  40  4:18  Marine x2  
  40  4:20  SCV  
  40  4:21  SCV  
  44  4:32  SCV  
  44  4:33  SCV  
  44  4:37  Marine x2  
  48  4:42  Cyclone  
  48  4:44  SCV  
  48  4:45  SCV  
  53  4:55  Supply Depot  
  53  4:56  SCV  
  53  4:58  Supply Depot, Terran Infantry Weapons Level 1  
  54  5:10  Refinery  
  54  5:17  SCV x2  
  54  5:18  Engineering Bay  
  56  5:24  Supply Depot  
  56  5:29  SCV  
  56  5:30  Refinery  
  57  5:36  Refinery  
  57  5:41  SCV  
  57  5:42  Siege Tank  
  61  5:46  Starport  
  61  5:51  Starport, Terran Infantry Armor Level 1  
  61  5:53  SCV  
  61  5:57  Missile Turret  
  62  5:58  SCV  
  62  6:01  Missile Turret  
  63  6:05  SCV  
  63  6:11  SCV  
  65  6:18  SCV  
  66  6:23  SCV  
  66  6:25  Missile Turret  
  67  6:28  Command Center  
  67  6:30  SCV, Stimpack  
  67  6:32  Missile Turret  
  68  6:35  SCV  
  68  6:37  Starport Reactor x2  
  69  6:46  Orbital Command  
  69  6:54  Missile Turret  
  69  7:02  Hi-Sec Auto Tracking  
  69  7:04  Cyclone  
  72  7:09  Armory  
  72  7:12  SCV  
  72  7:13  Armory  
  73  7:17  Missile Turret  
  73  7:29  Command Center  
  73  7:36  Cyclone  
  76  7:37  SCV x2  
  78  7:47  SCV  
  78  7:48  Refinery  
  78  7:49  SCV  
  78  7:50  SCV  
  81  8:00  SCV  
  81  8:02  SCV x2  
  84  8:12  SCV  
  85  8:14  SCV x2  
  87  8:22  Sensor Tower  
  87  8:24  SCV  
  87  8:26  SCV x2  
  90  8:28  Terran Infantry Armor Level 2, Supply Depot, Terran Infantry Weapons Level 2  
  90  8:31  Sensor Tower, Terran Ship Weapons Level 1, Terran Vehicle And Ship Armor Level 1  
  90  8:36  SCV  
  90  8:38  SCV x2  
  93  8:41  Sensor Tower  
  93  8:43  SCV, Refinery  
  93  8:48  SCV  
  95  8:50  SCV x2  
  95  8:55  SCV  
  98  9:00  SCV  
  98  9:01  Supply Depot  
  98  9:02  SCV x2  
  101  9:04  Supply Depot  
  101  9:07  SCV  
  102  9:12  SCV  
  102  9:14  SCV  
  104  9:17  Sensor Tower  
  104  9:18  Refinery  
  104  9:19  SCV  
  104  9:20  Medivac x2  
  104  9:21  Medivac, Viking  
  113  9:29  Barracks, Marauder  
  113  9:30  Marine x2  
  113  9:31  SCV  
  118  9:44  Supply Depot  
  118  9:46  Supply Depot  
  118  9:48  Marine x2  
  118  9:50  Viking x2  
  118  9:51  Viking x2  
  128  9:57  SCV, Sensor Tower  
  129  10:05  Sensor Tower  
  129  10:09  SCV  
  130  10:19  Supply Depot  
  130  10:20  Viking x3  
  137  10:21  SCV  
  137  10:26  Refinery, Terran Vehicle And Ship Armor Level 2  
  137  10:27  Terran Vehicle Weapons Level 1, Supply Depot  
  137  10:32  Barracks Reactor  
  137  10:33  SCV  
  138  10:42  Starport  
  138  10:43  Viking, Starport  
  138  10:45  SCV  
  141  10:50  Viking x3  
  141  10:54  Supply Depot  
  147  10:57  Terran Infantry Weapons Level 3  
  147  10:58  Terran Infantry Armor Level 3  
  147  11:06  Sensor Tower  
  147  11:08  Sensor Tower  
  147  11:13  Viking  
  149  11:20  Viking x3  
  149  11:24  Starport, Starport Reactor x2  
  155  11:34  Orbital Command  
  155  11:39  Orbital Command  
  155  11:43  Viking  
  157  11:48  Missile Turret  
  157  11:50  Viking x3  
  157  11:53  Missile Turret  
  163  11:55  Missile Turret  
  163  11:57  Missile Turret  
  163  12:00  Missile Turret  
  163  12:08  Starport Reactor  
  163  12:10  Viking x4  
  163  12:15  Supply Depot  
  171  12:20  Sensor Tower  
  171  12:29  Missile Turret  
  171  12:32  Missile Turret  
  171  12:33  Missile Turret  
  171  12:36  Viking x2  
  175  12:43  Supply Depot, Missile Turret  
  175  12:46  Viking x2  
  175  12:47  Viking x4  
  187  13:01  Missile Turret  
  187  13:05  Viking x2  
  191  13:06  Viking x2  
  191  13:11  Orbital Command  
  195  13:19  Terran Vehicle Weapons Level 2  
  195  13:20  Terran Ship Weapons Level 2  
  195  13:32  Missile Turret  
  195  13:35  Supply Depot  
  195  13:44  Viking  
  195  13:47  Missile Turret  
  180  14:32  Viking x3  
  180  14:33  Viking x7  
  200  14:48  Orbital Command  
  200  15:30  Command Center  
  200  15:34  Refinery  
  200  15:35  Terran Vehicle And Ship Armor Level 3  
  200  15:37  Refinery  
  200  15:39  Sensor Tower  
  200  15:43  Sensor Tower  
  200  15:49  Sensor Tower  
  200  15:59  Command Center  
  200  16:09  Sensor Tower  
  167  16:58  Viking x3  
  167  16:59  Viking x7  
  135  17:25  Starport  
  135  17:28  Viking x4  
  135  17:29  Viking x6, Starport  
  155  17:46  Refinery  
  155  17:58  Viking x4  
  153  17:59  Viking x6  
  153  18:00  Marine x3, Marauder  
  153  18:01  Marine  
  158  18:18  Marine x4  
  162  18:21  Marauder  
  164  18:28  Viking x4, Siege Tank  
  164  18:29  Viking x6  
  187  18:36  Marine x4  
  191  18:43  Marauder  
  193  18:53  Marine  
  193  18:54  Marine x3  
  153  18:58  Viking x2  
  153  19:00  Siege Tank  
  124  19:04  Marauder  
  104  19:11  Marine x2  
  104  19:12  Marine x2  
  104  19:14  Viking  
  104  19:15  Viking x7  
  90  19:25  Marauder  
  90  19:28  Viking x2  
  95  19:33  Siege Tank  
  87  19:44  Viking  
  87  19:45  Viking  
  89  19:46  Marine  
  89  19:52  Marine x2  
  87  19:55  Viking x6  
  87  19:56  Viking x2  
  87  19:58  Viking x2  
  106  20:05  Marauder  
  106  20:09  Marine  
  106  20:10  Marine  
  106  20:14  Viking  
  96  20:26  Marauder  
  96  20:27  Marine x2  
  89  20:30  Viking x4  
  89  20:31  Viking x4  
  95  20:44  Viking  
  95  20:45  Marine x2  
  95  20:47  Orbital Command  
  95  20:51  Starport Reactor  
  95  21:00  Viking x4  
  95  21:01  Viking x3  
  109  21:23  SCV, Barracks Reactor  
  110  21:35  SCV  
  110  21:37  Refinery  
  110  21:38  Marine x2  
  110  21:39  Refinery  
  113  21:47  SCV  
  114  21:56  Marine x2  
  114  22:00  SCV  
  117  22:03  Barracks  
  117  22:20  Refinery  
  117  22:26  Refinery  
  117  22:27  Refinery, Command Center  
  117  22:40  Refinery  
  117  22:41  Refinery  
  117  22:50  Sensor Tower  
  117  22:53  Sensor Tower  
  117  23:03  Supply Depot  
  117  23:22  Command Center  
  117  23:24  Marine x7  
  117  23:25  SCV  
  125  23:32  Sensor Tower, Supply Depot  
  125  23:35  Orbital Command  
  125  23:38  Marine  
  126  23:41  SCV  
  126  23:42  Marine x7  
  134  23:53  SCV  
  134  23:55  Supply Depot  
  135  23:56  Marine  
  135  24:00  Marine x5  
  141  24:04  Orbital Command  
  141  24:05  SCV  
  141  24:08  Marine  
  141  24:09  Marine  
  144  24:10  Sensor Tower  
  144  24:14  Marine  
  145  24:18  SCV, Marine x4  
  149  24:26  Marine x2  
  149  24:29  Marine  
  149  24:30  SCV  
  153  24:31  Marine  
  153  24:36  Marine x4  
  157  24:44  Marine  
  158  24:47  Marine  
  159  25:01  SCV  
  160  25:13  Orbital Command, SCV  
  159  25:16  Orbital Command  
  159  25:25  SCV  
  156  25:31  Orbital Command  
  156  25:37  Medivac x6, SCV  
  169  25:46  Supply Depot  
  170  25:50  SCV  
  170  25:57  Marine x2  
  170  26:01  Marine x2  
  170  26:03  Armory  
  174  26:14  Marine  
  174  26:15  Marine  
  174  26:17  Orbital Command  
  176  26:19  Marine x2  
  176  26:22  Refinery  
  178  26:31  Supply Depot  
  178  26:32  Refinery, Marine x2  
  177  26:37  Marine  
  179  26:50  Marine x2  
  179  26:51  Marine  
  179  26:52  Marine x3  
  179  26:53  Supply Depot  
  185  26:56  Terran Ship Weapons Level 3  
  185  27:08  Marine x2  
  185  27:09  Marine x3  
  185  27:10  Marine  
  191  27:26  Marine x2  
  191  27:27  Marine x4  
  196  28:00  Orbital Command  
  192  28:38  Orbital Command  
  192  29:03  Refinery  
  192  29:10  Refinery  
  154  30:36  Marine x4  
  154  30:37  Marine x2  
  154  30:41  Viking x3  
  154  30:42  Viking x5  
  176  30:54  Marine x5  
  176  30:55  Marine  
  182  31:11  Viking x4  
  182  31:12  Viking x2, Marine x5  
  180  31:57  Viking x3  
  180  31:58  Viking x5  
  188  32:27  Viking x3  
  188  32:28  Viking x3  
  172  36:54  Viking x6  
  174  36:55  Viking x2  
  188  37:24  Viking x3  
  194  38:25  Sensor Tower  
  194  38:34  Sensor Tower  
  194  38:43  Sensor Tower  
  194  38:46  Sensor Tower  
  194  38:51  Sensor Tower  
  183  40:37  Sensor Tower  
  183  40:39  Sensor Tower  
  183  40:42  Sensor Tower  
  183  40:45  Sensor Tower  
  183  40:55  Sensor Tower x2  
Tags
 
Add a new tag
Caveats
  • Supply blocks, unpowered buildings, or Contaminate may cause inaccurate times.
  • Supply counts are checked every 10 seconds.